 Dungeon Crawl Stone Soup version 0.31-a0-662-g684573625c (webtiles) character file.

Game seed: 13481576157728443541

74 ytrimaz the Insei (level 4, 0/32 HPs)
             Began as a Demonspawn Shapeshifter on Aug 31, 2023.
             Succumbed to a goblin's poison
             ... on level 2 of the Dungeon.
             The game lasted 00:02:15 (1624 turns).

ytrimaz the Insei (Demonspawn Shapeshifter)         Turns: 1624, Time: 00:02:16

Health: 0/32       AC:  2    Str: 14    XL:     4   Next: 10%
Magic:  4/4        EV: 18    Int: 11    God:
Gold:   48         SH:  0    Dex: 15    Spells: 3/3 levels left

rFire   . .          .
                       - Unarmed
rCold   . . .        (no shield)
rNeg    . . .        a - +0 animal skin
rPois   .            (helmet currently unavailable)
rElec   .            (cloak currently unavailable)
rCorr   .            (gloves currently unavailable)
SInv    .            (boots currently unavailable)
Will    .....        (no amulet)
Stlth   +            h - +5 ring of evasion
HPRegen 0.25/turn    (no ring)
MPRegen 0.09/turn

%: clarity
@: lethally poisoned (0 -> -1), beast-form
A: beast (slay +1), demonic magic 1, clarity
a: Begin Untransformation


You were on level 2 of the Dungeon.
You were a hulking beast.
You visited 1 branch of the dungeon, and saw 2 of its levels.

You collected 48 gold pieces.


Innate Abilities, Weirdness & Mutations

You are a hulking beast.
Your limbs bulge with bestial killing power. (Slay +1)
Spells you cast may paralyse adjacent enemies.
You possess an exceptional clarity of mind.


   Skills:
 - Level 1.0 Fighting
 * Level 3.1 Dodging
 + Level 3.5 Unarmed Combat
 + Level 2.9 Shapeshifting


You had 3 spell levels left.
You didn't know any spells.
Your spell library contained the following spells:

 Spells                   Type           Power      Damage    Failure   Level
 Cigotuvi's Dreadful Rot  Necr/Pois/Air  0%         N/A       47%         2
 Ignite Poison            Fire/Tmut/Pois 0%         N/A       71%         3
 Freezing Cloud           Conj/Ice/Air   0%         6-21      100%        5

Inventory:

Armour
 a - a +0 animal skin (worn)
Jewellery
 h - a +5 ring of evasion (left hand)
   (You found it on level 1 of the Dungeon)
 m - a ring of fire
   (You found it on level 1 of the Dungeon)
 n - a ring of ice
   (You found it on level 2 of the Dungeon)
Talismans
 c - a beast talisman (active)
 d - a flux talisman
 i - a blade talisman
   (You found it on level 1 of the Dungeon)
 r - a talisman of death
   (You found it on level 2 of the Dungeon)
Wands
 p - a wand of charming (11)
   (You found it on level 2 of the Dungeon)
Scrolls
 e - 2 scrolls of enchant weapon {unknown}
 g - a scroll of noise {unknown}
 l - a scroll of brand weapon {unknown}
 o - a scroll of fog {unknown}
 q - 2 scrolls of vulnerability {unknown}

Dungeon Overview and Level Annotations

Branches:
Dungeon (2/15) Zot: 10386

Altars:

####### ######### ......#
######.......####### ......#
###...##.......##.....
......######.....##.......##.....
...............).##.......##.....
.......#####..##h##.......##.....
.......†...#..##.##.......##.....
.......###.#.....##.......#######
###....# #.#.....................
.......# #.#...........#'########
##..#..###.#.#####.###.#.#
##.......#.........# #.#.#####
...#####.#...#########.#..<..#
##.......#.#.##......#.#.....#


There were no monsters in sight!


Message History

You open the door.
There is an open door here.
Key pressed, stopping explore.
You open the door.
There is an open door here.
Found a stone staircase leading up.
There is an open door here.
A goblin comes into view. It is wielding a +2 dagger of venom.
The goblin shouts!
A goblin is nearby!
A goblin is nearby!
A goblin is nearby!
The goblin hits you with a +2 dagger of venom.
You are poisoned. 😕 HP[-5]
You take 5 damage, and now have 27/32 hp.
You hit the goblin.
You feel very sick.
The goblin hits you with a +2 dagger of venom.
You are more poisoned. 😮 HP[-7]
You take 7 damage, and now have 20/32 hp.
MASSIVE DAMAGE!! (PAUSE)
Your transformation has ended.
You turn into a tree.
Your +0 animal skin melds into your body.
Your roots penetrate the ground.
You feel very sick.
The goblin hits you with a +2 dagger of venom. 😮 HP[+6]
You now have 48 max hp (+16).
You regained 6 hp, and now have 26/48 hp.
Unknown command.
You closely miss the goblin.
You feel very sick. The goblin hits you but does no damage.
You are more poisoned. 😨 HP[-3]
You take 3 damage, and now have 23/48 hp.
You smack the goblin!
You kill the goblin!
* * * LOW HITPOINT WARNING * * *
You feel very sick. 😨 HP[-5]
You take 5 damage, and now have 18/48 hp.
You cannot move.
Unknown command.
You cannot move.
You start resting.
* * * LOW HITPOINT WARNING * * *
You feel very sick. 😨 HP[-3]
You take 3 damage, and now have 15/48 hp.
You start resting.
* * * LOW HITPOINT WARNING * * *
You feel very sick. 😱 HP[-3]
You take 3 damage, and now have 12/48 hp.
Unknown command.
You start resting.
* * * LOW HITPOINT WARNING * * *
You feel very sick. 😱 HP[-3]
You take 3 damage, and now have 9/48 hp.
You start resting.
* * * LOW HITPOINT WARNING * * *
You feel sick. 😱 HP[-1]
You take 1 damage, and now have 8/48 hp.
Unknown command.
Unknown command.
It was a potion of mutation.
You feel extremely strange.
Your thoughts seem clearer.
* * * LOW HITPOINT WARNING * * *
You feel sick. 😱 HP[-2]
You take 2 damage, and now have 6/48 hp.
It was a potion of enlightenment.
Your roots keep you in place.
You feel sick. 😱 HP[-1]
You take 1 damage, and now have 5/48 hp.
It was a potion of cancellation.
Your magical effects are unravelling.
You feel magically purged.
You feel less wooden.
Your +0 animal skin unmelds from your body.
You turn into a hulking beast.
Your enlightenment fades.
* * * LOW HITPOINT WARNING * * *
You feel sick. 😱 HP[-2]
You now have 32 max hp (-16).
* * * LOW HITPOINT WARNING * * *
You feel sick. 😱 HP[-1]
You take 1 damage, and now have 2/32 hp.
* * * LOW HITPOINT WARNING * * *
You feel sick. 😱 HP[-1]
You take 1 damage, and now have 1/32 hp.
You die...

Skill      XL: |  1  2  3 |
---------------+----------+-----
Dodging        | 2 3 |  3.1
Unarmed Combat | 3 |  3.5
Fighting       | |  1.0
Shapeshifting  | |  2.9

Action                     |  1- 3 |  4- 6 || total
---------------------------+-------+-------++-------
  Melee: Unarmed           |   164 |     5 ||   169
         Punch             |     4 |       ||     4
    Use: Potion            |       |     4 ||     4
   Stab: Sleeping          |     1 |       ||     1
 Armour: Animal skin       |    49 |     3 ||    52
         Skin              |       |     2 ||     2
  Dodge: Dodged            |   131 |       ||   131
   Form: Blade             |     1 |       ||     1
         Beast             |     1 |       ||     1

Levels and vault maps discovered:
D:1:      onia_arrival_pyramid, layout_loops_corners, basic_ecumenical_altar,
          minmay_pentomino_o2
D:2:      layout_basic

Notes
Turn   | Place    | Note
-------+----------+-------------------------------------------
     0 | D:1      | ytrimaz the Demonspawn Shapeshifter began the quest for the
                  | Orb.
     0 | D:1      | Reached XP level 1. HP: 15/15 MP: 1/1
     0 | D:1      | magus.rc [v1.9.6]
    36 | D:1      | Reached skill level 2 in Dodging
    98 | D:1      | Reached skill level 3 in Unarmed Combat
    98 | D:1      | Gained mutation: Spells you cast may paralyse adjacent
                  | enemies. [demonic ancestry]
    98 | D:1      | Reached XP level 2. HP: 13/21 MP: 2/2
   620 | D:1      | Reached XP level 3. HP: 23/26 MP: 3/3
   678 | D:1      | Found a faded altar of an unknown god.
  1447 | D:2      | Reached skill level 3 in Dodging
  1498 | D:2      | You add the spells Cigotuvi's Dreadful Rot, Ignite Poison
                  | and Freezing Cloud to your library.
  1509 | D:2      | Reached XP level 4. HP: 32/32 MP: 4/4
  1616 | D:2      | HP: 12/48 [poisoned by a goblin]
  1619 | D:2      | Gained mutation: You possess an exceptional clarity of
                  | mind. [potion of mutation]
  1620 | D:2      | HP: 5/48 [poisoned by a goblin]
  1622 | D:2      | HP: 2/32 [poisoned by a goblin]
  1624 | D:2      | Succumbed to a goblin's poison

Vanquished Creatures
  An adder (D:2)
  3 dart slugs
  5 ball pythons
  7 endoplasms
  A giant cockroach (D:1)
  4 goblins
  7 hobgoblins
  7 jackals
  4 kobolds (D:1)
  3 quokkas (D:1)
  A bat (D:1)
  2 frilled lizards
  7 rats
52 creatures vanquished.

Table legend:
 A = Non-vault XP
 B = Vault XP
 C = Vault XP percentage of total XP
 D = Non-vault monster count
 E = Vault monster count
 F = Vault count percentage of total count
                 A         B        C        D         E       F
            +---------+---------+-------+---------+---------+-------
      Total |     105 |       2 |   1.9 |      51 |       1 |   1.9
            +---------+---------+-------+---------+---------+-------
        D:1 |      67 |       2 |   2.9 |      37 |       1 |   2.6
        D:2 |      38 |       0 |   0.0 |      14 |       0 |   0.0
            +---------+---------+-------+---------+---------+-------

Skill      XL: |  1  2  3 |
---------------+----------+-----
Dodging        | 2 3 |  3.1
Unarmed Combat | 3 |  3.5
Fighting       | |  1.0
Shapeshifting  | |  2.9

Action                     |  1- 3 |  4- 6 || total
---------------------------+-------+-------++-------
  Melee: Unarmed           |   164 |     5 ||   169
         Punch             |     4 |       ||     4
    Use: Potion            |       |     4 ||     4
   Stab: Sleeping          |     1 |       ||     1
 Armour: Animal skin       |    49 |     3 ||    52
         Skin              |       |     2 ||     2
  Dodge: Dodged            |   131 |       ||   131
   Form: Blade             |     1 |       ||     1
         Beast             |     1 |       ||     1

Illustrated notes

Table legend:
 A = Kills in this place as a percentage of kills in the entire game.
 B = Kills by you in this place as a percentage of kills by you in the entire game.
 C = Kills by friends in this place as a percentage of kills by friends in the entire game.
 D = Other kills in this place as a percentage of other kills in the entire game.
 E = Experience gained in this place as a percentage of experience gained in the entire game.
 F = Experience gained in this place divided by the number of levels of this place that you have seen.
                   A       B       C       D       E      F
               +-------+-------+-------+-------+-------+----------------------
         Total | 100.0 | 100.0 |   N/A |   N/A | 100.0 |  53.5
       Dungeon | 100.0 | 100.0 |   N/A |   N/A | 100.0 |  53.5
               +-------+-------+-------+-------+-------+----------------------

Table legend: (Time is in decaauts)
 A = Elapsed time spent in this place.
 B = Non-inter-level travel time spent in this place.
 C = Inter-level travel time spent in this place.
 D = Time resting spent in this place.
 E = Time spent auto-exploring this place.
 F = Levels seen in this place.
 G = Mean time per level.
                   A        B        C        D        E       F      G
               +--------+--------+--------+--------+--------+-----+--------+
         Total |   1614 |   1592 |     22 |      0 |   1193 |   2 |  807.0 |
       Dungeon |   1614 |   1592 |     22 |      0 |   1193 |   2 |  807.0 |
               +--------+--------+--------+--------+--------+-----+--------+

Top non-repeatable levels by time:
     D:1: 1181 daAuts
     D:2: 432 daAuts
